 Dungeon Crawl Stone Soup version 0.31-a0-691-g409c26aa35 (webtiles) character file.

Game seed: 12045034546334840505

1335 iamoutofideas the Cleaver (level 8, 0/62 HPs)
             Began as a Hill Orc Gladiator on Sept 7, 2023.
             Slain by a killer bee (6 damage)
             ... on level 9 of the Dungeon.
             The game lasted 00:06:18 (5694 turns).

iamoutofideas the Cleaver (Hill Orc Gladiator)      Turns: 5694, Time: 00:06:19

Health: 0/62       AC:  7    Str: 17 (19) XL:     8   Next: 61%
Magic:  8/8        EV: 11    Int:  6 (8)  God:
Gold:   356        SH:  0    Dex: 10 (12) Spells: 7/7 levels left

rFire   . . .        g - +0 hand axe (elec)
rCold   . . .        (no shield)
rNeg    . . .        n - +0 ring mail
rPois   .            c - +1 helmet
rElec   .            (no cloak)
rCorr   .            (no gloves)
SInv    .            (no boots)
Will    .....        (no amulet) Stlth
                     (no ring)
HPRegen 0.30/turn    (no ring)
MPRegen 0.11/turn

%: no passive effects
@: lethally poisoned (0 -> -3)
A: no striking features
a: no special abilities


You were on level 9 of the Dungeon.
You visited 1 branch of the dungeon, and saw 7 of its levels.
You also visited: Sewer.

You collected 356 gold pieces.

Inventory:

Hand Weapons
 a - a +0 spectral war axe
 g - a +0 hand axe of electrocution (weapon)
Missiles
 d - 3 throwing nets (quivered)
 e - a javelin
Armour
 b - a +0 leather armour
 c - a +1 helmet (worn)
 n - a +0 ring mail (worn)
Jewellery
 l - an amulet of guardian spirit
Wands
 o - a wand of charming (4)
Scrolls
 i - 2 scrolls of teleportation
 j - 3 scrolls of identify
 k - a scroll of poison
 m - 4 scrolls of vulnerability
 p - a scroll of fear
 r - a scroll of fog
 t - a scroll of blinking
Potions
 h - 8 potions of enlightenment
 u - a potion of magic {unknown}
 x - a potion of mutation


   Skills:
 - Level 2.4 Fighting
 + Level 13.6 Axes
 - Level 1.8 Throwing
 - Level 2.4 Dodging


You had 7 spell levels left.
You didn't know any spells.
Your spell library contained the following spells:

 Spells                   Type           Power      Damage    Failure   Level
 Apportation              Tloc           0%         N/A       67%         1
 Magic Dart               Conj           0%         1d3       67%         1
 Necrotise                Necr           0%         1d4       67%         1
 Summon Small Mammal      Summ           0%         N/A       67%         1
 Blink                    Tloc           0%         N/A       80%         2
 Call Imp                 Summ           0%         N/A       80%         2
 Cigotuvi's Dreadful Rot  Necr/Pois/Air  0%         N/A       80%         2
 Ignite Poison            Fire/Tmut/Pois 0%         N/A       95%         3
 Mephitic Cloud           Conj/Pois/Air  0%         N/A       95%         3
 Manifold Assault         Tloc           0%         N/A       100%        4
 Passage of Golubria      Tloc           0%         N/A       100%        4
 Alistair's Intoxication  Tmut/Pois      0%         N/A       100%        5
 Freezing Cloud           Conj/Ice/Air   0%         6-21      100%        5
 Silence                  Hex/Air        0%         N/A       100%        5
 Lehudib's Crystal Spear  Conj/Erth      0%         10d2      100%        8


Dungeon Overview and Level Annotations

Branches:
Dungeon (9/15)             Temple (0/1) D:5           Sewer (visited)
   Lair: D:8-11         Orc: D:9-12

Altars:
Cheibriados
Dithmenos
Elyvilon
Makhleb
Nemelex Xobeh


Message History

The killer bee stings you!
* * * LOW HITPOINT WARNING * * *
It was a potion of degeneration.
There was something very wrong with that liquid.
You feel weakened.
You feel dopey.
You feel clumsy. The killer bee closely misses you.
The killer bee stings you but does no damage.
The killer bee closely misses you.
The killer bee stings you but does no damage.
You feel better. The killer bee stings you!
* * * LOW HITPOINT WARNING * * *
You are poisoned.
The killer bee poisons you!
The killer bee stings you but does no damage.
The killer bee barely misses you. x2; The killer bee stings you!
* * * LOW HITPOINT WARNING * * *
The killer bee stings you.
* * * LOW HITPOINT WARNING * * *
You are too injured to fight recklessly!
Unknown command.
You are too injured to fight recklessly!
Unknown command.
You are too injured to fight recklessly!
You are too injured to fight recklessly!
Unknown command.
You are too injured to fight recklessly!
You closely miss the killer bee. You miss the killer bee.
You closely miss the killer bee.
You feel sick. The killer bee misses you. The killer bee completely misses you.
The killer bee stings you.
* * * LOW HITPOINT WARNING * * *
You closely miss the killer bee. You hit the killer bee.
Lightning courses through the killer bee!!
You kill the killer bee!
You miss the killer bee.
You feel sick. The killer bee closely misses you.
The killer bee barely misses you.
Unknown command.
Unknown command.
You miss the killer bee. You closely miss the killer bee.
You feel sick. The killer bee stings you.
You die...

.###.###..#.# .. ##
#...#...##..# ..#..
#...#...#...#
.#..###..#...#...#
##..#...#..###....#
#.y=#...#...#....##
##. ..#...##..#....#
.....###†###..#..#####
#...)@......#....#
#.....yy.###..#..###
##..###.## ####### ##
...# #####


You could see 2 killer bees.

Vanquished Creatures
  Sigmund (D:2)
  Menkaure (D:5)
  Duvessa (D:4)
  An ogre (D:4)
  A phantom (D:4)
  Dowan (D:4)
  3 killer bees (D:9)
  A howler monkey (D:5)
  2 hounds
  2 jellies (D:4)
  An orc priest (D:9)
  Jessica (D:2)
  An iguana (D:6)
  An orc wizard (D:5)
  4 gnolls (D:3)
  16 adders
  4 river rats (Sewer)
  An ufetubus (D:4)
  4 worms
  4 dart slugs
  8 orcs
  8 ball pythons
  11 bats
  6 endoplasms
  8 giant cockroaches
  6 hobgoblins
  6 jackals
  9 kobolds
  3 quokkas (D:1)
  3 frilled lizards
  10 goblins
  12 rats
141 creatures vanquished.

Vanquished Creatures (others)
  A quokka (D:5)
1 creature vanquished.

Grand Total: 142 creatures vanquished

Notes
Turn   | Place    | Note
-------+----------+-------------------------------------------
     0 | D:1      | iamoutofideas the Hill Orc Gladiator began the quest for
                  | the Orb.
     0 | D:1      | Reached XP level 1. HP: 18/18 MP: 1/1
   139 | D:1      | Reached XP level 2. HP: 25/25 MP: 2/2
   292 | D:1      | Reached skill level 5 in Axes
   822 | D:2      | Reached XP level 3. HP: 30/30 MP: 3/3
   985 | D:2      | Noticed Sigmund
  1001 | D:2      | Killed Sigmund
  1002 | D:2      | Reached skill level 8 in Axes
  1002 | D:2      | Reached XP level 4. HP: 19/37 MP: 4/4
  1002 | D:2      | Reached XP level 5. HP: 22/42 MP: 5/5
  1362 | D:2      | Noticed Jessica
  1367 | D:2      | Killed Jessica
  1368 | D:2      | Reached XP level 6. HP: 43/50 MP: 6/6
  1910 | D:3      | Reached skill level 9 in Axes
  2253 | D:3      | Found a glowing drain.
  2257 | Sewer    | Entered a sewer
  2656 | Sewer    | Reached XP level 7. HP: 47/56 MP: 7/7
  2662 | Sewer    | Reached skill level 10 in Axes
  3502 | D:4      | Found a shadowy altar of Dithmenos.
  3692 | D:4      | Reached skill level 11 in Axes
  3893 | D:4      | Noticed Dowan
  3894 | D:4      | Noticed Duvessa
  3901 | D:4      | Killed Dowan
  3911 | D:4      | Killed Duvessa
  3912 | D:4      | Reached skill level 12 in Axes
  3912 | D:4      | Reached XP level 8. HP: 30/62 MP: 8/8
  4502 | D:5      | Entered Level 5 of the Dungeon
  4552 | D:5      | Found a staircase to the Ecumenical Temple.
  4677 | D:5      | Found a burning altar of Makhleb.
  4677 | D:5      | Found a sparkling altar of Nemelex Xobeh.
  4717 | D:5      | Found a snail-covered altar of Cheibriados.
  4915 | D:5      | Found a white marble altar of Elyvilon.
  5027 | D:5      | Noticed Menkaure
  5043 | D:5      | Killed Menkaure
  5044 | D:5      | Reached skill level 13 in Axes
  5636 | D:6      | You fall into a shaft and drop 3 floors!
  5694 | D:9      | Slain by a killer bee

Illustrated notes

Levels and vault maps discovered:
D:1:      psy_arrival_basics, layout_loops_ring
D:2:      layout_loops_cross, uniq_sigmund, uniq_jessica
D:3:      layout_basic, gup_sewer_entry_spiral, chequers_decorated_corner,
          chequers_serial_rivers_large_a
D:4:      layout_loops_ring, mainiacjoe_overflow_brackets, minivault_24,
          columned_hall_lemuel, uniq_duvessa
D:5:      layout_loops_corners, elyvilon_altar_4,
          gammafunk_temple_overflow_forgotten, minmay_temple_entry_ruins,
          uniq_menkaure
D:6:      layout_cave_pods, gammafunk_ghost_necromancy,
          nicolae_ossuary_entry_catacombs
D:9:      minmay_the_grid_net [minmay_the_grid_zigzag_pyramid,
          minmay_the_grid_minigrid_small, minmay_the_grid_stretched_grid,
          minmay_the_grid_mess, minmay_the_grid_eight,
          minmay_the_grid_prize_shrinking_boxes], layout_basic, nicolae_titane

Skill      XL: |  1  2  3  4  5  6  7  8 |
---------------+-------------------------+-----
Axes           | 5 8 9 12 13 | 13.6
Fighting       | |  2.4
Throwing       | |  1.8
Dodging        | |  2.4

Action                     |  1- 3 |  4- 6 |  7- 9 || total
---------------------------+-------+-------+-------++-------
  Melee: Hand axe          |    51 |   199 |   176 ||   426
         War axe           |     7 |       |       ||     7
    Use: Scroll            |       |     6 |     9 ||    15
         Potion            |       |       |     5 ||     5
 Armour: Leather armour    |    18 |       |       ||    18
         Ring mail         |    12 |   141 |   112 ||   265
  Dodge: Dodged            |    31 |   114 |   101 ||   246

Table legend: (Time is in decaauts)
 A = Elapsed time spent in this place.
 B = Non-inter-level travel time spent in this place.
 C = Inter-level travel time spent in this place.
 D = Time resting spent in this place.
 E = Time spent auto-exploring this place.
 F = Levels seen in this place.
 G = Mean time per level.
                   A        B        C        D        E       F      G
               +--------+--------+--------+--------+--------+-----+--------+
         Total |   5836 |   5656 |    180 |    599 |   4110 |   8 |  729.5 |
       Dungeon |   4954 |   4774 |    180 |    599 |   3398 |   7 |  707.7 |
         Sewer |    881 |    881 |      0 |      0 |    712 |   1 |  881.0 |
               +--------+--------+--------+--------+--------+-----+--------+

Top non-repeatable levels by time:
     D:3: 1141 daAuts
     D:5: 1055 daAuts
     D:4: 983 daAuts
   Sewer: 881 daAuts
     D:2: 844 daAuts
     D:1: 818 daAuts
     D:6: 61 daAuts
     D:9: 50 daAuts
